 Dungeon Crawl Stone Soup version 0.28-a0-919-g0b5b508569 (webtiles) character file.

Game seed: 2966231043949865965

1097 timneilson the Shield-Bearer (level 8, -5/48 HPs)
             Began as a Gargoyle Fighter on Nov 25, 2021.
             Was an Initiate of Okawaru.
             Slain by a shadow (10 damage)
             ... on level 6 of the Dungeon.
             The game lasted 00:10:48 (4632 turns).

timneilson the Shield-Bearer (Gargoyle Fighter)     Turns: 4632, Time: 00:10:48

Health: -5/48      AC: 18    Str: 22    XL:     8   Next: 31%
Magic:  8/8        EV:  8    Int:  9    God:    Okawaru [......]
Gold:   961        SH: 10    Dex:  9    Spells: 7/7 levels left

rFire   . . .      SeeInvis .   u - +9 sword of Zonguldrok {reap}
rCold   . . .      Faith    .   c - +0 buckler
rNeg    + . .      Spirit   .   v - +0 chain mail
rPois   ∞          Reflect  +   (no helmet)
rElec   +          Harm     .   (no cloak)
rCorr   .          Rampage  .   j - +1 pair of gloves
Will    .....                   (no boots)
Stlth   ..........              i - amulet of reflection
HPRegen 0.16/turn               (no ring)
MPRegen 0.11/turn               (no ring)

@: attractive
A: sickness immunity, AC +5, negative energy resistance 1, electricity
resistance, torment resistance 1, petrification resistance
a: Renounce Religion


You were on level 6 of the Dungeon.
You worshipped Okawaru.
Okawaru was noncommittal.
You visited 2 branches of the dungeon, and saw 7 of its levels.

You collected 961 gold pieces.

Inventory:

Hand Weapons
 a - a +1 long sword
 d - a +0 scimitar
 u - the +9 sword of Zonguldrok (weapon) {reap}
   (You acquired it on level 4 of the Dungeon)

   Any living foe damaged by it may be reanimated upon death as a zombie
   friendly to the wielder, with an increasing chance as more damage is dealt.
Armour
 b - a +0 scale mail
 c - a +0 buckler (worn)
 h - a +0 plate armour
 j - a +1 pair of gloves (worn)
 v - a +0 chain mail (worn)
Jewellery
 i - an amulet of reflection (around neck)
Wands
 r - a wand of flame (17)
 t - a wand of digging (5)
Scrolls
 m - 3 scrolls of teleportation
 p - a scroll of amnesia
 q - 2 scrolls of enchant weapon
Potions
 e - a potion of flight
 f - 2 potions of resistance
 g - 3 potions of mutation
 k - 5 potions of curing
 l - a potion of cancellation
 n - a potion of attraction
 o - a potion of heal wounds {unknown}
 s - a potion of ambrosia {unknown}


   Skills:
 + Level 4.8 Fighting
 * Level 4.7 Long Blades
 * Level 6.1 Armour
 + Level 2.4 Dodging
 * Level 6.2 Shields


You had 7 spell levels left.
You didn't know any spells.
Your spell library was empty.

Dungeon Overview and Level Annotations

Branches:
Dungeon (6/15)             Temple (1/1) D:6

Altars:
Ashenzari
Cheibriados
Dithmenos
Fedhas
Hepliaklqana
Kikubaaqudgha
Makhleb
Nemelex Xobeh
Okawaru
Qazlal
Ru
Sif Muna
Trog
Uskayaw
Vehumet
Wu Jian
Xom
Yredelemnul
The Shining One


Innate Abilities, Weirdness & Mutations

You are immune to sickness and miasma.
Your stone body is resilient. (AC +5)
You are immune to poison.
You resist negative energy. (rN+)
You are resistant to electric shocks. (rElec)
You are resistant to unholy torment.
You are immune to petrification.


Message History

The white imp is severely wounded.
The white imp gestures at you. The puff of frost hits you.
The bullfrog skeleton hits you but does no damage.
The white imp gestures at you.
The puff of frost hits you but does no damage.
The bullfrog skeleton closely misses you.
You slash the white imp!
You kill the white imp!
Okawaru accepts your kill.
The bullfrog skeleton barely misses you.
You slash the bullfrog skeleton!
The bullfrog skeleton is heavily damaged.
The bullfrog skeleton hits you but does no damage.
The shadow strikes at you from the darkness!
Reactivating autopickup.
The bullfrog skeleton hits you but does no damage.
You slice the bullfrog skeleton!!
You destroy the bullfrog skeleton!
Okawaru accepts your kill. The shadow closely misses you.
You slash the shadow!
The shadow is moderately damaged.
The shadow slips into darkness.
The shadow flickers and vanishes!
Deactivating autopickup; reactivate with Ctrl-A.
The shadow strikes at you from the darkness!
Ouch! That really hurt!
* * * LOW HITPOINT WARNING * * *
Reactivating autopickup.
You closely miss the shadow.
The shadow is moderately damaged.
The shadow hits you.
You closely miss the shadow.
The shadow is moderately damaged.
The shadow hits you.
It was a potion of attraction.
You feel attractive to monsters. The shadow hits you!
You die...

+... .... #...# #...#
#...# #...#
#...#+############
#................###
#...................
#..@.....#.#.#....##
......W..$...#.#.#.##...
.......................#
.............#.##.#.##.#
....####.....#....#.....
.... ####+....#...#.#.
... ..##.#.>.#.#. ##
......)[)....
....#.#.#....


You could see a shadow.

Vanquished Creatures
  A water moccasin (D:5)
  An ice beast (D:5)
  A black bear (D:4)
  3 ogres (D:5)
  A scorpion (D:6)
  A wyvern skeleton (D:5)
  A howler monkey (D:6)
  A bullfrog zombie (D:5)
  A jelly (D:6)
  A gnoll shaman (D:4)
  A bullfrog skeleton (D:6)
  An iguana (D:5)
  2 orc wizards (D:5)
  4 gnolls (D:4)
  5 adders
  A white imp (D:6)
  2 worms
  3 dart slugs (D:1)
  5 orcs
  2 bats (D:1)
  4 endoplasms
  2 giant cockroaches (D:2)
  8 hobgoblins
  5 quokkas
  4 ball pythons
  5 frilled lizards
  5 goblins
  4 kobolds
  4 rats
  A spectral orc (D:5)
80 creatures vanquished.

Vanquished Creatures (collateral kills)
  An orc priest (D:6)
  A hound (D:6)
  2 orcs
4 creatures vanquished.

Grand Total: 84 creatures vanquished

Notes
Turn   | Place    | Note
-------+----------+-------------------------------------------
     0 | D:1      | timneilson the Gargoyle Fighter began the quest for the
                  | Orb.
     0 | D:1      | Reached XP level 1. HP: 14/14 MP: 1/1
   468 | D:1      | Reached XP level 2. HP: 19/19 MP: 2/2
   985 | D:1      | Reached XP level 3. HP: 20/23 MP: 3/3
  1657 | D:2      | Found a faded altar of an unknown god.
  1708 | D:2      | Identified a scroll of acquirement
  1708 | D:2      | Acquired 683 gold pieces
  1808 | D:3      | Found a shadowy altar of Dithmenos.
  1933 | D:3      | Found a bloodstained altar of Trog.
  1936 | D:3      | Found a sparkling altar of Nemelex Xobeh.
  2234 | D:3      | Reached XP level 4. HP: 25/28 MP: 4/4
  2466 | D:3      | You fall into a shaft and drop 2 floors!
  2466 | D:5      | Entered Level 5 of the Dungeon
  2466 | D:5      | Noticed a water moccasin
  2475 | D:5      | Killed a water moccasin
  2476 | D:5      | Reached skill level 1 in Dodging
  2476 | D:5      | Reached XP level 5. HP: 21/33 MP: 5/5
  2484 | D:5      | Noticed an ogre
  2688 | D:4      | Acquired an amulet of reflection
  2994 | D:4      | Noticed a black bear
  3012 | D:4      | Killed a black bear
  3013 | D:4      | Reached XP level 6. HP: 15/38 MP: 6/6
  3248 | D:4      | Acquired the +9 sword of Zonguldrok {reap}
  3248 | D:4      | Found the +9 sword of Zonguldrok {reap}
  3637 | D:5      | Reached skill level 5 in Shields
  3663 | D:5      | Noticed an ice beast
  3666 | D:5      | Reached skill level 5 in Armour
  3666 | D:5      | Reached XP level 7. HP: 30/43 MP: 7/7
  4071 | D:5      | Found a blossoming altar of Fedhas.
  4221 | D:5      | Reached XP level 8. HP: 34/48 MP: 8/8
  4477 | D:5      | Found a basalt altar of Yredelemnul.
  4548 | D:6      | Found a staircase to the Ecumenical Temple.
  4558 | Temple   | Entered the Ecumenical Temple
  4580 | Temple   | Became a worshipper of Warmaster Okawaru
  4623 | D:6      | Noticed a shadow
  4632 | D:6      | Slain by a shadow

Illustrated notes

Levels and vault maps discovered:
D:1:      dpeg_arrival_erosion, layout_basic
D:2:      layout_rooms, hellmonk_ecumenical_altar_lost_god
D:3:      layout_rooms, nicolae_overflow_hidden_temple,
          grunt_dithmenos_smoke_and_mirrors
D:4:      layout_loops_cross
D:5:      layout_gridville, fedhas_altar_1, yredelemnul_forgotten_temple_becter
D:6:      layout_basic, old_standard_altar, minmay_temple_entry_ruins,
          gup_sewer_entry_bubbles, chequers_hall_statues_corner_a,
          serial_bayou_lagoon_a, minmay_manual_macuahuitl
Temple:   eino_temple_lava

Skill      XL: |  1  2  3  4  5  6  7  8 |
---------------+-------------------------+-----
Long Blades    | 2 3 4 |  4.7
Shields        | 4 5 6 |  6.2
Armour         | 4 5 6 |  6.1
Dodging        | 1 2 |  2.4
Fighting       | 4 |  4.8

Action                   |  1- 3 |  4- 6 |  7- 9 || total
-------------------------+-------+-------+-------++-------
Melee: Long sword        |   129 |    19 |       ||   148
       Scimitar          |       |    56 |       ||    56
       Double sword      |       |    16 |    47 ||    63
  Use: Scroll            |    10 |     5 |     2 ||    17
       Potion            |       |     3 |     1 ||     4
Armor: Scale mail        |    68 |    53 |    21 ||   142
       Chain mail        |       |       |     8 ||     8
Dodge: Dodged            |    58 |    52 |    10 ||   120
Block: Buckler           |    22 |    46 |     9 ||    77

Table legend: (Time is in decaauts)
 A = Elapsed time spent in this place.
 B = Non-inter-level travel time spent in this place.
 C = Inter-level travel time spent in this place.
 D = Time resting spent in this place.
 E = Time spent auto-exploring this place.
 F = Levels seen in this place.
 G = Mean time per level.
                   A        B        C        D        E       F      G
               +--------+--------+--------+--------+--------+-----+--------+
         Total |   4708 |   4631 |     77 |     19 |   3660 |   7 |  672.6 |
       Dungeon |   4677 |   4600 |     77 |     19 |   3660 |   6 |  779.5 |
        Temple |     31 |     31 |      0 |      0 |      0 |   1 |   31.0 |
               +--------+--------+--------+--------+--------+-----+--------+

Top non-repeatable levels by time:
     D:1: 1292 daAuts
     D:4: 1007 daAuts
     D:5: 914 daAuts
     D:3: 894 daAuts
     D:2: 460 daAuts
     D:6: 107 daAuts
  Temple: 31 daAuts
